 Dungeon Crawl Stone Soup version 0.28-a0-1594-ga885d4b3d6 (webtiles) character file.

Game seed: 6090605928494779845

126 enile the Stinger (level 5, -7/36 HPs)
             Began as an Octopode Venom Mage on Jan 20, 2022.
             Was a Believer of Zin.
             Killed by divine providence
             ... invoked by an orc priest
              (9 damage)
             ... on level 3 of the Dungeon.
             The game lasted 00:11:40 (2610 turns).

enile the Stinger (Octopode Venom Mage)             Turns: 2610, Time: 00:11:40

Health: -7/36      AC:  1    Str:  9    XL:     5   Next: 9%
Magic:  6/8        EV: 13    Int: 18    God:    Zin [**....]
Gold:   83         SH:  0    Dex: 12    Spells: 3/8 levels left

rFire   + . .      SeeInvis .   k - +0 short sword (venom)
rCold   + . .      Faith    .   (no shield)
rNeg    . . .      Spirit   .   (helmet restricted)
rPois   +          Reflect  .   (no amulet)
rElec   +          Harm     .   (no ring)
rCorr   +          Rampage  .   (no ring)
Will    .....                   (no ring)
Stlth   +++.......              (no ring)
HPRegen 0.12/turn               (no ring)
MPRegen 0.11/turn               (no ring)
                                (no ring)
                                (no ring)

@: resistant, very slightly contaminated
A: almost no armour, amphibious, 8 rings, camouflage 1, gelatinous body 1,
(nimble swimmer 1), tentacles
a: Renounce Religion, Recite, Vitalisation, Donate Gold


You were on level 3 of the Dungeon.
You worshipped Zin.
Zin was pleased with you.
You visited 1 branch of the dungeon, and saw 4 of its levels.

You collected 92 gold pieces.
You donated 9 gold pieces to Zin.

Inventory:

Hand Weapons
 b - a +0 whip
 c - a +0 mace
 e - a +0 short sword
 h - a +0 war axe
 k - a +0 short sword of venom (weapon)
Missiles
 d - 132 stones
 p - 6 atropa-tipped darts
 r - 5 boomerangs
Scrolls
 j - 2 scrolls of enchant armour {unknown}
 l - 2 scrolls of identify {unknown}
 n - a scroll of noise {unknown}
 o - a scroll of fog {unknown}
Potions
 a - a potion of resistance
 f - a potion of brilliance {unknown}
 g - a potion of curing {unknown}
 i - a potion of lignification {unknown}
 m - a potion of ambrosia {unknown}
 q - a potion of mutation {unknown}
 s - a potion of heal wounds {unknown}


   Skills:
 + Level 3.1 Fighting
 - Level 1.0 Short Blades
 - Level 1.0 Throwing
 - Level 3.0 Dodging
 - Level 3.0 Stealth
 - Level 2.0 Spellcasting
 - Level 1.0 Transmutations
 - Level 4.0 Poison Magic


You had 3 spell levels left.
You knew the following spells:

 Your Spells              Type           Power      Damage    Failure   Level
a - Sting                 Tmut/Pois      40%        1d5       6%          1
b - Poisonous Vapours     Pois/Air       18%        N/A       12%         2
c - Ensorcelled Hibernat  Hex/Ice        2%         N/A       26%         2

Your spell library contained the following spells:

 Spells                   Type           Power      Damage    Failure   Level
 Passwall                 Tmut/Erth      2%         N/A       22%         2
 Mephitic Cloud           Conj/Pois/Air  6%         N/A       32%         3
 Swiftness                Air            1%         N/A       47%         3
 Olgreb's Toxic Radiance  Pois           16%        N/A       34%         4


Dungeon Overview and Level Annotations

Branches:
Dungeon (4/15)
 Temple: D:4-7

Altars:
Zin

Shops:
D:3 =


Innate Abilities, Weirdness & Mutations

You cannot wear most types of armour.
You are amphibious.
You can wear up to eight rings at the same time.
Your skin changes colour to match your surroundings (Stealth+).
Your rubbery body absorbs attacks. (AC +1, EV +1)
((You are camouflaged when in or above water. (Stealth+)))
You have tentacles for arms and can constrict up to eight enemies at once.


Message History

The orc priest is moderately wounded.
You constrict the orc priest.
The orc priest calls down the wrath of Beogh upon you.
Pain shoots through your body!
Casting: Sting (safe; 7% risk of failure)
Confirm with . or Enter, or press ? or * to list all spells.
Aiming: Sting (safe; 7% risk of failure)
Press: ? - help, Shift-Dir - straight line, f/p - orc priest
Aim: an orc priest, wielding a +0 short sword (heavily wounded, constricted by you, very poisoned, 100% to hit)
You miscast Sting.
You are very lightly contaminated with residual magic.
Nothing appears to happen.
You constrict the orc priest.
An orc comes into view. It is wielding a +0 flail.
The orc priest mumbles some strange prayers to Beogh against you.
Beogh smites you!
* * * LOW HITPOINT WARNING * * *
An orc priest comes into view. It is wielding a +0 dagger.
Okay, then.
Activating: Recite (10% risk of failure)
Press: ? - help, Dir - look around, f - activate Look: an orc priest, wielding a +0 short sword (severely wounded, constricted by you, very poisoned)
You fail to use your ability.
You constrict the orc priest.
You kill the orc priest!
Training target 1.0 for Short Blades reached!
Your Short Blades skill increases to level 1!
You need to enable at least one skill for training.
Training target 1.0 for Throwing reached!
Your Throwing skill increases to level 1!
You need to enable at least one skill for training.
You have reached level 5!
You feel clever.
Okay, then.
Okay, then.
Press: ? - help, v - describe, . - travel The floor.
It was a potion of resistance.
You feel protected.
The orc priest mumbles some strange prayers to Beogh against you.
Beogh smites you!
You die...

##...## #....# #........#
#.....## ##....# #####.##.#
.......## ##.#...# ##......
........####...#.#########...##.#
...∩....'.......................'
........####...#.#########...##.#
.......## ##.##.# ##.###.#
#.....## ####.##### ### #.#
##...## #.o.@....# #.# ##+##
#.##)###.# #######.# # #o#
#.......# ..# #.####### ### #.#
#)# #.# # ###.####### #..>....##.


You could see an orc priest and an orc.

Vanquished Creatures
  An orc priest (D:3)
  Terence (D:2)
  2 adders
  3 dart slugs
  5 endoplasms
  5 giant cockroaches
  4 goblins
  3 hobgoblins
  7 kobolds
  3 quokkas
  3 ball pythons (D:2)
  3 bats
  3 frilled lizards (D:2)
  4 rats
47 creatures vanquished.

Notes
Turn   | Place    | Note
-------+----------+-------------------------------------------
     0 | D:1      | enile the Octopode Venom Mage began the quest for the Orb.
     0 | D:1      | Reached XP level 1. HP: 11/11 MP: 3/3
   197 | D:1      | Reached skill level 1 in Fighting
   436 | D:1      | Reached skill level 4 in Poison Magic
   436 | D:1      | Reached XP level 2. HP: 10/18 MP: 3/5
   874 | D:1      | Found a faded altar of an unknown god.
   896 | D:1      | Prayed at the altar of an unknown god.
   896 | D:1      | Became a worshipper of Zin the Law-Giver
   896 | D:1      | Reached * piety under Zin
  1387 | D:2      | Noticed Terence
  1403 | D:2      | Reached XP level 3. HP: 24/24 MP: 6/6
  1411 | D:2      | Learned a level 2 spell: Poisonous Vapours
  1753 | D:2      | Killed Terence
  1754 | D:2      | Reached XP level 4. HP: 30/30 MP: 0/7
  2095 | D:2      | Learned a level 2 spell: Ensorcelled Hibernation
  2118 | D:2      | You fall into a shaft and drop 2 floors!
  2454 | D:3      | Reached ** piety under Zin
  2466 | D:3      | Found Narec's Jewellery Boutique.
  2610 | D:3      | Reached skill level 1 in Short Blades
  2610 | D:3      | Reached skill level 1 in Throwing
  2610 | D:3      | Reached XP level 5. HP: 2/36 MP: 6/8
  2610 | D:3      | Killed from afar by an orc priest

Illustrated notes

Levels and vault maps discovered:
D:1:      dpeg_arrival_short_road, layout_basic, ebering_ecumenical_altar_mist
D:2:      layout_rooms, minmay_fractal_squares_gapless_5, uniq_terence
D:3:      layout_loops_corners, serial_shops, shop
D:4:      layout_basic, minmay_between

Skill      XL: |  1  2  3  4 |
---------------+-------------+-----
Fighting       | 1 2 3 |  3.1
Poison Magic   | 4 |  4.0
Stealth        | 3 |  3.0
Dodging        | 3 |  3.0
Short Blades   | 1 |  1.0
Throwing       | 1 |  1.0
Spellcasting   | |  2.0
Transmutations | |  1.0

Action                   |  1- 3 |  4- 6 || total
-------------------------+-------+-------++-------
Melee: Tentacles         |     6 |     6 ||    12
       Unarmed           |     4 |       ||     4
       Short sword       |    19 |    33 ||    52
       Constrict         |    10 |     8 ||    18
       Mace              |     1 |       ||     1
       Punch             |     1 |       ||     1
       War axe           |    12 |       ||    12
 Cast: Sting             |    22 |     1 ||    23
       Poisonous Vapours |    10 |       ||    10
  Use: Potion            |       |     1 ||     1
 Stab: Sleeping          |     3 |     2 ||     5
Armor: Skin              |     4 |     2 ||     6
Dodge: Dodged            |    25 |    15 ||    40

Table legend: (Time is in decaauts)
 A = Elapsed time spent in this place.
 B = Non-inter-level travel time spent in this place.
 C = Inter-level travel time spent in this place.
 D = Time resting spent in this place.
 E = Time spent auto-exploring this place.
 F = Levels seen in this place.
 G = Mean time per level.
                   A        B        C        D        E       F      G
               +--------+--------+--------+--------+--------+-----+--------+
         Total |   2619 |   2528 |     91 |    148 |   1898 |   4 |  654.8 |
       Dungeon |   2619 |   2528 |     91 |    148 |   1898 |   4 |  654.8 |
               +--------+--------+--------+--------+--------+-----+--------+

Top non-repeatable levels by time:
     D:1: 1373 daAuts
     D:2: 815 daAuts
     D:3: 409 daAuts
     D:4: 20 daAuts
